 Dungeon Crawl Stone Soup version 0.30-a0-782-ge64f9170bb (webtiles) character file.

Game seed: 2403521385510318768

2178 theswoord the Cruncher (level 9, -1/73 HPs)
             Began as a Demonspawn Gladiator on Mar 14, 2023.
             Was a Believer of Kikubaaqudgha.
             Killed from afar by an electric eel (14 damage)
             ... with a bolt of electricity
             ... on level 6 of the Dungeon.
             The game lasted 00:11:59 (5988 turns).

theswoord the Cruncher (Demonspawn Gladiator)       Turns: 5988, Time: 00:12:00

Health: -1/73      AC:  9    Str: 19    XL:     9   Next: 11%
Magic:  9/9        EV: 10    Int: 15    God:    Kikubaaqudgha [**....]
Gold:   358        SH:  0    Dex: 15    Spells: 8/8 levels left

rFire   + . .      SeeInvis .    a - +0 quarterstaff
rCold   . . .      Faith    .    (shield currently unavailable)
rNeg    . . .      Spirit   .    k - +0 scale mail
rPois   .          Reflect  .    (helmet restricted)
rElec   .          Harm     .    (no cloak)
rCorr   .          Rampage  .    d - +2 pair of gloves
Will    .....                    (no boots) Stlth
                                 (no amulet)
HPRegen 0.32/turn                m - ring of protection from fire
MPRegen 0.11/turn                t - +6 ring of intelligence

@: silenced, studying Fighting
A: antennae 1, demonic guardian 2, demonic magic 1, demonic touch 2
a: Renounce Religion


You were on level 6 of the Dungeon.
You worshipped Kikubaaqudgha.
Kikubaaqudgha was pleased with you.
You visited 1 branch of the dungeon, and saw 6 of its levels.

You collected 358 gold pieces.

Inventory:

Hand Weapons
 a - a +0 quarterstaff (weapon)
Missiles
 e - a javelin (quivered)
Armour
 b - a +0 leather armour
 c - a +1 helmet
 d - a +2 pair of gloves (worn)
 k - a +0 scale mail (worn)
 x - a +1 pair of gloves
Jewellery
 m - a ring of protection from fire (left hand)
 t - a +6 ring of intelligence (right hand)
 A - an amulet of magic regeneration
Wands
 o - a wand of paralysis (5)
Scrolls
 f - 3 scrolls of identify
 h - a scroll of vulnerability
 n - a scroll of immolation
 r - a scroll of amnesia
 u - a scroll of teleportation
 y - a scroll of magic mapping
Potions
 g - a potion of lignification
 i - 6 potions of curing
 j - 5 potions of mutation
 l - a potion of invisibility {unknown}
 p - a potion of heal wounds
 q - a potion of brilliance {unknown}
 s - 2 potions of degeneration {unknown}
 v - a potion of attraction {unknown}
 w - a potion of resistance {unknown}
 z - a potion of cancellation {unknown}


   Skills:
 + Level 7.6 Fighting
 + Level 9.2 Staves
 - Level 1.7 Throwing
 - Level 2.6 Dodging
 + Level 5.5 Necromancy


You had 8 spell levels left.
You didn't know any spells.
Your spell library contained the following spells:

 Spells                   Type           Power      Damage    Failure   Level
 Necrotise                Necr           64%        1d7       9%          1
 Sublimation of Blood     Necr           16%        N/A       14%         2
 Vampiric Draining        Necr           16%        2d7       26%         3
 Kiss of Death            Conj/Necr      32%        2d7       28%         1


Dungeon Overview and Level Annotations

Branches:
Dungeon (6/15)             Temple (0/1) D:5

Altars:
Cheibriados
Fedhas
Hepliaklqana
Kikubaaqudgha
Makhleb
Qazlal
Ru
Sif Muna
Trog
Vehumet
Yredelemnul

Shops:
D:3 *   D:5 *


Innate Abilities, Weirdness & Mutations

You have a pair of small antennae on your head.
A demonic guardian rushes to your aid.
Spells you cast may paralyse adjacent enemies.
Your touch may inflict irresistible damage on your foes.


Message History

You feel much better.
Your orange demon splashes around in the water.
The electric eel shoots out a bolt of lightning at you!
The bolt of electricity hits you!
* * * LOW HITPOINT WARNING * * *
The bolt of electricity hits your orange demon!
Your orange demon dies!
Your orange demon disappears in a puff of smoke!
As you read the scroll of silence, it crumbles to dust.
A profound silence engulfs you.
A nearby plant withers and dies.
The electric eel shoots out a bolt of lightning at you!
The bolt of electricity hits you!
* * * LOW HITPOINT WARNING * * *
The electric eel shoots out a bolt of lightning at you!
The bolt of electricity hits you.
* * * LOW HITPOINT WARNING * * *
A demonic guardian appears!
Magic scrolls do not work when you're silenced!
You feel much better.
The electric eel shoots out a bolt of lightning at you!
The bolt of electricity hits you!
* * * LOW HITPOINT WARNING * * *
The bolt of electricity hits you.
* * * LOW HITPOINT WARNING * * *
The electric eel shoots out a bolt of lightning at you!
The bolt of electricity misses you.
You swap places.
Your orange demon closely misses the electric eel.
Your orange demon barely misses the electric eel.
Your orange demon stings the electric eel.
Your orange demon hits the electric eel.
Your orange demon stings the electric eel!
The electric eel dies!
Kikubaaqudgha accepts your kill.
Kikubaaqudgha is now protecting you from necromantic miscasts and death curses.
The electric eel shoots out a bolt of lightning at you!
The bolt of electricity hits your orange demon!
The bolt of electricity hits you!
You die...
Kikubaaqudgha rasps: "You have failed me!
Welcome... death!"

~~~~~~~~~P.#
#~~.#.........
.≈≈≈.≈≈≈~~.##
#~~~#.........
#≈≈≈#~≈~#†~.##
#~S##..#######
##.###.###~~~#
##†##[..#
#...#...#...~#
#####4###[#.#
.............###....##
#.#.#
.............#.'....#
#<#.#
........†....'.'....#
#>#.#####
.............###@...##
#.......#
#...#...#....#
#####.###.......#
##.###.###.~##
##~##.÷.....#
#~≈≈#~≈≈#.~~#
#~~##.......#
.~~~.≈~≈~~~##
#~~~#.......#
~~~~~~.~#.##
#~~~#.......#
~~~~~.#..##
#~~~#.......#
....P##.##
~~~≈#.###.###
.#...#.## ~~≈≈#. ..


You could see an electric eel (ally target) and a friendly orange demon
(summoned).

Vanquished Creatures
  Pikel (D:4)
  Edmund (D:4)
  An ice beast (D:6)
  2 ogres (D:4)
  A lemure (D:4)
  A kobold brigand (D:6)
  Blork the orc (D:5)
  2 necrophages (D:5)
  A scorpion (D:5)
  An electric eel (D:6)
  5 hounds
  2 jellies (D:6)
  2 orc priests
  Jessica (D:3)
  4 iguanas
  7 orc wizards
  5 adders
  6 gnolls
  2 shadow imps (D:6)
  A white imp (D:6)
  2 ufetubi (D:5)
  A worm (D:3)
  3 dart slugs
  11 orcs
  5 endoplasms
  3 giant cockroaches
  4 goblins
  2 hobgoblins
  4 jackals (D:4)
  4 quokkas
  5 ball pythons
  2 bats
  2 frilled lizards
  10 kobolds
  9 rats
114 creatures vanquished.

Vanquished Creatures (collateral kills)
  An ice beast (D:5)
  A howler monkey (D:4)
  An electric eel (D:6)
  A gnoll bouda (D:6)
  A jelly (D:2)
  A gnoll (D:3)
  3 orcs
  A hobgoblin (D:2)
  A kobold (D:4)
11 creatures vanquished.

Vanquished Creatures (others)
  53 plants
53 creatures vanquished.

Grand Total: 178 creatures vanquished

Notes
Turn   | Place    | Note
-------+----------+-------------------------------------------
     0 | D:1      | theswoord the Demonspawn Gladiator began the quest for the
                  | Orb.
     0 | D:1      | Reached XP level 1. HP: 16/16 MP: 1/1
    33 | D:1      | Reached skill level 3 in Staves
   132 | D:1      | Found a faded altar of an unknown god.
   422 | D:1      | Gained mutation: A weak demonic guardian rushes to your
                  | aid. [demonic ancestry]
   422 | D:1      | Reached XP level 2. HP: 22/22 MP: 2/2
  1079 | D:2      | Reached skill level 4 in Staves
  1079 | D:2      | Discovered your monstrous ancestry.
  1079 | D:2      | Gained mutation: You have a pair of small antennae on your
                  | head. [demonic ancestry]
  1079 | D:2      | Reached XP level 3. HP: 14/27 MP: 3/3
  1420 | D:3      | Gained mutation: A demonic guardian rushes to your aid.
                  | [demonic ancestry]
  1420 | D:3      | Reached XP level 4. HP: 15/33 MP: 4/4
  1577 | D:3      | Noticed Jessica
  1629 | D:3      | Killed Jessica
  1630 | D:3      | Reached skill level 5 in Staves
  1699 | D:3      | Found a burning altar of Makhleb.
  1729 | D:3      | Found a hazy altar of Hepliaklqana.
  1772 | D:3      | Reached XP level 5. HP: 37/38 MP: 5/5
  1868 | D:3      | Found a shimmering blue altar of Sif Muna.
  1887 | D:3      | Found an ancient bone altar of Kikubaaqudgha.
  1932 | D:3      | Found a radiant altar of Vehumet.
  2004 | D:3      | Found Tiut's Assorted Antiques.
  2090 | D:3      | Found a blossoming altar of Fedhas.
  2368 | D:4      | Reached skill level 6 in Staves
  2368 | D:4      | Gained mutation: Spells you cast may paralyse adjacent
                  | enemies. [demonic ancestry]
  2368 | D:4      | Reached XP level 6. HP: 35/44 MP: 6/6
  2475 | D:3      | Became a worshipper of Kikubaaqudgha
  2506 | D:4      | Found a basalt altar of Yredelemnul.
  2655 | D:4      | Found a bloodstained altar of Trog.
  2678 | D:4      | Noticed Edmund
  2703 | D:4      | Killed Edmund
  2704 | D:4      | Reached skill level 7 in Staves
  2704 | D:4      | Gained mutation: Your touch may inflict minor irresistible
                  | damage on your foes. [demonic ancestry]
  2704 | D:4      | Reached XP level 7. HP: 24/50 MP: 7/7
  2954 | D:4      | Found a sacrificial altar of Ru.
  3088 | D:4      | Found a snail-covered altar of Cheibriados.
  3172 | D:5      | Entered Level 5 of the Dungeon
  3203 | D:5      | Reached * piety under Kikubaaqudgha
  3203 | D:5      | Received a gift from Kikubaaqudgha
  3435 | D:5      | Noticed Blork the orc
  3445 | D:5      | Killed Blork the orc
  3446 | D:5      | Reached skill level 8 in Staves
  3446 | D:5      | Reached skill level 1 in Necromancy
  3642 | D:5      | Reached XP level 8. HP: 8/60 MP: 8/8
  3836 | D:5      | Found Unih's Assorted Antiques.
  4237 | D:5      | Found a staircase to the Ecumenical Temple.
  4287 | D:5      | Noticed Pikel
  4362 | D:4      | Killed Pikel
  4589 | D:5      | Found a stormy altar of Qazlal.
  5128 | D:6      | Reached skill level 9 in Staves
  5295 | D:6      | Reached skill level 5 in Necromancy
  5537 | D:6      | Gained mutation: Your touch may inflict irresistible damage
                  | on your foes. [demonic ancestry]
  5537 | D:6      | Reached XP level 9. HP: 65/72 MP: 9/9
  5987 | D:6      | Reached ** piety under Kikubaaqudgha
  5988 | D:6      | Killed from afar by an electric eel

Skill      XL: |  1  2  3  4  5  6  7  8 |
---------------+-------------------------+-----
Staves         | 3 4 5 6 7 8 9 |  9.2
Fighting       | 4 7 |  7.6
Necromancy     | 2 5 |  5.5
Throwing       | |  1.7
Dodging        | |  2.6

Action                     |  1- 3 |  4- 6 |  7- 9 || total
---------------------------+-------+-------+-------++-------
  Melee: Quarterstaff      |    62 |   148 |   301 ||   511
  Throw: Throwing net      |       |     3 |     2 ||     5
    Use: Scroll            |     6 |     5 |     4 ||    15
         Potion            |       |     1 |     4 ||     5
   Stab: Held in net/web   |       |     3 |     2 ||     5
         Distracted        |       |     1 |       ||     1
 Armour: Leather armour    |     2 |       |       ||     2
         Scale mail        |    20 |    38 |    88 ||   146
         Skin              |       |       |    16 ||    16
  Dodge: Dodged            |    38 |    63 |    97 ||   198

Levels and vault maps discovered:
D:1:      minmay_arrival_diagonal_passages, layout_rooms,
          shapermc_ecumenical_altar_hornbeckon
D:2:      layout_basic
D:3:      layout_loops_ring, palyth_temple_overflow_mages, lemuel_crystal_altar,
          mainiacjoe_overflow_alcove_4, mainiacjoe_overflow_cross_hatched,
          serial_shops, shop, kennysheep_decorative_pillar, skrybe_limestone_x,
          minmay_between, uniq_jessica
D:4:      layout_rooms, yredelemnul_altar_generic,
          mainiacjoe_overflow_small_starburst, grunt_temple_overflow_open,
          kennysheep_small_spiral, uniq_edmund
D:5:      layout_loops_ring, nicolae_qazlal_eye_of_the_storm,
          minmay_temple_entry_hall, serial_bayou, serial_bayou_pond_e,
          serial_bayou_pond_d, serial_bayou_pond_c, serial_bayou_shore_a,
          serial_bayou_pond_c, serial_shops, nicolae_shop_trees,
          uniq_blork_the_orc, uniq_pikel
D:6:      wad_lake_hut, layout_rooms, minmay_fractal_squares_diagonal_5
